 Dungeon Crawl Stone Soup version 0.30-a0-637-gacddeb6d44 (webtiles) character file.

Game seed: 17315472796692365328

13 Leeroy the Shooter (level 2, 18/18 HPs)
             Began as a Kobold Hunter on Jan 15, 2023.
             Got out of the dungeon alive.
             The game lasted 00:01:04 (449 turns).

Leeroy the Shooter (Kobold Hunter)                   Turns: 449, Time: 00:01:04

Health: 18/18      AC:  3    Str:  8    XL:     2   Next: 50%
Magic:  2/2        EV: 14    Int: 10    God:
Gold:   0          SH:  0    Dex: 18    Spells: 1/1 levels left

rFire   . . .      SeeInvis .    a - +0 shortbow
rCold   . . .      Faith    .    (shield currently unavailable)
rNeg    . . .      Spirit   .    c - +0 leather armour
rPois   .          Reflect  .    (no helmet)
rElec   .          Harm     .    (no cloak)
rCorr   .          Rampage  .    (no gloves)
Will    .....                    (no boots)
Stlth   +++                      (no amulet)
HPRegen 0.23/turn                (no ring)
MPRegen 0.08/turn                (no ring)

@: no status effects
A: small, no large weapons, nightstalker 3
a: no special abilities


You escaped.
You visited 1 branch of the dungeon, and saw 1 of its levels.

Inventory:

Hand Weapons
 a - a +0 shortbow (weapon)
Armour
 c - a +0 leather armour (worn)
Scrolls
 b - a scroll of immolation
Potions
 d - a potion of might {unknown}


   Skills:
 + Level 2.3 Fighting
 + Level 6.0 Ranged Weapons
 + Level 2.4 Dodging
 + Level 1.3 Stealth


You had one spell level left.
You didn't know any spells.
Your spell library contained the following spells:

 Spells                   Type           Power      Damage    Failure   Level
 Sublimation of Blood     Necr           0%         N/A       63%         2
 Wereblood                Tmut           0%         N/A       63%         2
 Summon Hydra             Summ           0%         N/A       100%        7


Dungeon Overview and Level Annotations

Branches:
Dungeon (1/15)

Altars:


Innate Abilities, Weirdness & Mutations

You are small and have problems with some larger weapons.
You are completely attuned to the shadows.


Message History

The frilled lizard bites you but does no damage.
The frilled lizard misses you.
You shoot an arrow. The arrow hits the frilled lizard.
You kill the frilled lizard!
No target in view!
No target in view!
No target in view!
No target in view!
You see here 6 stones.
You pick up a book of Blood and begin reading...
You add the spells Sublimation of Blood, Wereblood and Summon Hydra to your library.
Things that are here:
a hobgoblin skeleton; a bat skeleton
There is a stone staircase leading down here.
There is an open door here.
Key pressed, stopping explore.
d - a glowing yellow potion A bat and a rat come into view.
Found a stone staircase leading down.
You shoot an arrow. The arrow hits the rat.
You kill the rat!
Your Ranged Weapons skill increases to level 6!
You shoot an arrow. The arrow closely misses the bat.
The bat closely misses you.
You shoot an arrow. The arrow hits the bat.
The bat is severely wounded.
The bat barely misses you.
You shoot an arrow. The arrow misses the bat.
The bat closely misses you. The bat misses you.
You shoot an arrow. The arrow hits the bat.
You kill the bat!
No target in view!
No target in view!
No target in view!
No target in view!
There is an open door here.
There is a stone staircase leading down here.
There is a staircase leading out of the dungeon here.
Are you sure you want to leave the Dungeon?
This will make you lose the game!
You have escaped!

#...# #...#
#....## #....
###.###.###
###..# #....
#>....# #.##
#.... ###.###.#
### #.# #....
#...# #.# #.# #.#
#.... #####
#.###.###.# #####
#>........# #
##### #.###.###.#
# #...#
#.#.#.#@#.# #
###.###.#.###.#.#
# #>....#..>..#.#
#
###.###.###.###.#
# #...#
#...#.#...# #
##### #####.###.#
.........#
...####### ###


There were no monsters in sight!

Vanquished Creatures
  2 bats (D:1)
  2 hobgoblins (D:1)
  A kobold (D:1)
  A quokka (D:1)
  3 ball pythons (D:1)
  A frilled lizard (D:1)
  2 rats (D:1)
12 creatures vanquished.

Notes
Turn   | Place    | Note
-------+----------+-------------------------------------------
     0 | D:1      | Leeroy the Kobold Hunter began the quest for the Orb.
     0 | D:1      | Reached XP level 1. HP: 12/12 MP: 1/1
   140 | D:1      | Reached XP level 2. HP: 12/17 MP: 2/2
   391 | D:1      | Reached skill level 6 in Ranged Weapons
   449 | D:$      | Got out of the dungeon alive.

Illustrated notes

Levels and vault maps discovered:
D:1:      evilmike_arrival_hilbert_curve, layout_basic, serial_bayou_crossing

Skill      XL: |  1  2 |
---------------+-------+-----
Ranged Weapons | 6 |  6.0
Fighting       | |  2.3
Dodging        | |  2.4
Stealth        | |  1.3

Action                   || total
-------------------------++-------
 Fire: Shortbow          ||    53
Armor: Leather armour    ||     4
Dodge: Dodged            ||    14

Table legend: (Time is in decaauts)
 A = Elapsed time spent in this place.
 B = Non-inter-level travel time spent in this place.
 C = Inter-level travel time spent in this place.
 D = Time resting spent in this place.
 E = Time spent auto-exploring this place.
 F = Levels seen in this place.
 G = Mean time per level.
                   A        B        C        D        E       F      G
               +--------+--------+--------+--------+--------+-----+--------+
         Total |    463 |    416 |     47 |      0 |    320 |   1 |  463.0 |
       Dungeon |    463 |    416 |     47 |      0 |    320 |   1 |  463.0 |
               +--------+--------+--------+--------+--------+-----+--------+

Top non-repeatable levels by time:
     D:1: 463 daAuts
